 Dungeon Crawl Stone Soup version 0.28.0-1-gb440e238dd (webtiles) character file.

Game seed: 13022868355521829191

78682 pkoi the Black Belt (level 15, -2/126 HPs)
             Began as a Green Draconian Monk on Feb 23, 2022.
             Was the Champion of Dithmenos.
             Slain by a merfolk aquamancer (7 damage)
             ... on level 2 of the Shoals.
             The game lasted 01:01:48 (35723 turns).

pkoi the Black Belt (Green Draconian Monk)         Turns: 35723, Time: 01:01:49

Health: -2/126     AC: 15    Str: 18    XL:     15   Next: 18%
Magic:  0/18       EV: 17    Int: 16    God:    Dithmenos [******]
Gold:   1311       SH:  0    Dex: 15    Spells: 14/14 levels left

rFire   . . .      SeeInvis +     - Unarmed
rCold   + . .      Faith    .   (no shield)
rNeg    . . .      Spirit   +   (armour unavailable)
rPois   +          Reflect  .   v - +0 hat
rElec   .          Harm     .   e - scarf {repulsion}
rCorr   .          Rampage  .   J - +0 pair of gloves
Will    ++...                   L - +4 pair of boots "Ruedyj" {Will+ Str+4}
Stlth   ++++......              K - amulet of guardian spirit
HPRegen 0.31/turn               N - ring of protection from cold
MPRegen 0.16/turn               i - ring of see invisible

@: short of breath, wreathed by umbra, studying Stealth, repel missiles, very
slow
A: breathe noxious fumes, AC +9, unfitting armour, stinger 1, poison resistance,
cold-blooded
a: Breathe Noxious Fumes, Renounce Religion, Shadow Step, Shadow Form


You were on level 2 of the Shoals.
You worshipped Dithmenos.
Dithmenos was exalted by your worship.
You visited 4 branches of the dungeon, and saw 23 of its levels.
You also visited: Ossuary and Gauntlet.

You collected 2373 gold pieces.
You spent 1062 gold pieces at shops.

Inventory:

Hand Weapons
 b - the +8 hunting sling of Starshine {speed, rF+ Will+ Int+4}
   (You found it on level 3 of the Dungeon)

   Attacks with this weapon are significantly faster.
   Int:       It affects your intelligence (+4).
   rF:        It protects you from fire.
   Will:      It increases your willpower.
 f - a +3 dagger of pain
Missiles
 w - 603 stones (quivered)
 F - 77 sling bullets
 M - 3 curare-tipped darts
Armour
 e - a scarf of repulsion (worn)
 v - a +0 hat (worn)
 J - a +0 pair of gloves (worn)
 L - the +4 pair of boots "Ruedyj" (worn) {Will+ Str+4}
   (You found it in a Gauntlet)

   Str:       It affects your strength (+4).
   Will:      It increases your willpower.
Jewellery
 i - a ring of see invisible (right hand)
 K - an amulet of guardian spirit (around neck)
 N - a ring of protection from cold (left hand)
Wands
 a - a wand of digging (14)
 h - a wand of acid (5)
 j - a wand of paralysis (7)
 q - a wand of polymorph (20)
 s - a wand of iceblast (21)
 t - a wand of mindburst (3)
 B - a wand of flame (27)
 O - a wand of charming (2)
Scrolls
 d - 2 scrolls of fear
 n - a scroll of fog
 r - 8 scrolls of teleportation
 y - 8 scrolls of enchant weapon
 z - 2 scrolls of magic mapping
 A - 2 scrolls of summoning
 C - 5 scrolls of amnesia
 D - 6 scrolls of enchant armour
 G - a scroll of identify
 P - a scroll of holy word
Potions
 c - a potion of ambrosia
 k - a potion of cancellation
 l - 4 potions of haste
 m - 3 potions of berserk rage
 o - 4 potions of brilliance
 p - 11 potions of curing
 u - 3 potions of invisibility
 x - 4 potions of magic
 E - 7 potions of resistance
 H - 7 potions of heal wounds
 I - 2 potions of flight
Miscellaneous
 g - a phantom mirror


   Skills:
 - Level 10.0 Fighting
 + Level 3.4 Short Blades
 - Level 3.0 Slings
 - Level 10.0 Dodging
 + Level 11.3 Stealth
 * Level 19.0 Unarmed Combat
 + Level 4.1 Invocations
 - Level 9.0 Evocations


You had 14 spell levels left.
You didn't know any spells.
Your spell library contained the following spells:

 Spells                   Type           Power      Damage    Failure   Level
 Animate Skeleton         Necr           0%         N/A       26%         1
 Pain                     Necr           0%         1d4       26%         1
 Corpse Rot               Necr/Air       0%         N/A       36%         2
 Frozen Ramparts          Ice            0%         1d2       58%         3
 Vampiric Draining        Necr           0%         2d6       58%         3
 Dispel Undead            Necr           0%         3d6       94%         4
 Ice Form                 Ice/Tmut       0%         N/A       94%         4
 Summon Ice Beast         Ice/Summ       0%         N/A       94%         4
 Agony                    Necr           0%         N/A       100%        5
 Excruciating Wounds      Necr           0%         N/A       100%        5
 Death Channel            Necr           0%         N/A       100%        6


Dungeon Overview and Level Annotations

Branches:
Dungeon (14/15) Temple (1/1) D:6 Lair (6/6) D:8 Shoals (2/4) Lair:2 Spider (0/4) Lair:4 Slime (0/5) Lair:6 Orc (0/2) D:12 Vaults (0/5) D:13 D:14 Ossuary (visited) Gauntlet (visited)

Altars:
Ashenzari
Cheibriados
Dithmenos
Elyvilon
Fedhas
Gozag
Hepliaklqana
Kikubaaqudgha
Makhleb
Nemelex Xobeh
Okawaru
Qazlal
Ru
Sif Muna
Trog
Uskayaw
Vehumet
Wu Jian
Xom
Yredelemnul
Zin
The Shining One
Beogh

Shops:
D:4 *   D:7 *   D:11 =   D:12 (**?   D:13 *   Shoals:1 =

Annotations:
D:13 Rupert
D:14 1 transporter
Lair:4 exclusion: oklob plant
Shoals:1 6 transporters, 1 runed translucent door, trckry's ghost, journeyman OgSu


Innate Abilities, Weirdness & Mutations

You can breathe blasts of noxious fumes.
Your lurid green scales are hard. (AC +9)
You cannot fit into any form of body armour.
Your tail ends in a venomous barb.
Your system is resistant to poisons. (rPois)
You are cold-blooded and may be slowed by cold attacks.


Message History

The merfolk aquamancer hits you with a +0 rapier.
* * * LOW HITPOINT WARNING * * *
You barely miss the water elemental. Your punch misses the water elemental.
The water elemental is severely damaged.
The water elemental closely misses you.
Unknown command.
You punch the water elemental!
You tail-slap the water elemental, but do no damage.
You punch the water elemental.
You destroy the water elemental!
Dithmenos accepts your kill. The merfolk barely misses you.
The merfolk aquamancer completely misses you.
The merfolk aquamancer gestures at you while chanting.
The torrent of water hits you!!
* * * LOW HITPOINT WARNING * * *
You are knocked back by the torrent of water.
The wave splashes down.
Splash!
You fall into the shallow water.
Moving in this stuff is going to be slow.
You hear an angry hiss. x3
Aiming: Breathe Noxious Fumes (1% risk of failure)
Press: ? - help, Shift-Dir - straight line, f - merfolk aquamancer
Aim: a merfolk aquamancer, wielding a +0 rapier and wearing a +0 robe (lightly wounded, umbra, 55% to hit)
You exhale a blast of noxious fumes.
The blast of choking fumes hits the merfolk aquamancer.
The merfolk aquamancer is lightly wounded.
The merfolk aquamancer is engulfed in noxious fumes.
Unknown command.
The merfolk completely misses you.
The merfolk aquamancer is engulfed in noxious fumes.
The merfolk aquamancer misses you.
A sea snake comes into view.
The merfolk hits you from afar with a +0 trident!
* * * LOW HITPOINT WARNING * * *
The merfolk aquamancer is engulfed in noxious fumes.
The merfolk aquamancer appears confused.
The merfolk aquamancer hits you with a +0 rapier!
You die...

≈≈≈≈≈≈≈...≈≈≈≈≈≈≈≈≈≈
≈≈≈≈≈≈≈....S≈≈≈≈≈≈≈≈
≈≈≈≈≈≈......≈≈≈≈≈≈≈≈
≈≈≈≈≈≈....)....≈≈≈≈≈≈
≈≈≈≈≈...###....≈≈≈≈≈≈
≈≈≈≈≈E.# #≈≈##.≈≈≈≈≈
≈≈≈≈≈≈. #≈≈# ≈≈≈≈≈ ≈≈≈≈≈.
#≈≈# ≈≈≈≈ ≈≈≈≈≈.# ##☼@#
≈.# ≈≈≈≈≈≈.###mm.# ##
≈≈≈≈≈≈....☼.##
≈≈≈≈≈≈≈...○.# ##
≈≈≈≈≈≈≈≈≈≈☼..### ...
≈≈≈≈≈≈≈≈≈≈≈○≈...####.≈≈.
####
≈≈≈≈≈≈≈≈≈≈≈≈≈≈≈.......≈≈≈
#H..
≈≈≈≈≈≈≈≈≈≈≈≈≈≈≈≈≈≈....≈≈≈
#.)≈
≈≈≈≈≈≈≈≈≈≈≈≈≈........≈≈≈≈
#.≈≈


You could see a sea snake, a merfolk aquamancer (confused) and a merfolk.

Vanquished Creatures
  Gastronok (Lair:2)
  Kirke (Lair:5)
  Snorg (D:11)
  7 hydras
  A catoblepas (Lair:3)
  4 centaur warriors
  5 two-headed ogres
  10 death yaks
  Urug (D:11)
  Sonja (D:12)
  A wretched star (Gauntlet)
  A sea snake (Shoals:1)
  A lindwurm (Lair:4)
  A wolf spider (Lair:4)
  An orc knight (D:13)
  3 ugly things
  3 manticores
  2 fauns
  A cyclops (D:11)
  A water nymph (Shoals:1)
  16 elephants
  A torpor snail (Lair:6)
  7 black mambas
  11 cane toads
  4 rime drakes
  An efreet (D:14)
  An unseen horror (D:13)
  7 komodo dragons
  7 trolls
  3 merfolk (Shoals:1)
  A wind drake (Shoals:1)
  Grinder (D:3)
  6 hornets
  10 polar bears
  5 blink frogs (Lair:5)
  3 slime creatures (D:12)
  3 snapping turtles (Shoals:1)
  17 dream sheep
  A shadow (D:12)
  5 water elementals
  3 wraiths
  2 hogs
  17 spriggans
  2 vampires
  5 wyverns
  2 small abominations (Gauntlet)
  3 basilisks
  40 yaks
  A redback (Lair:4)
  13 humans (D:13)
  3 vampire mosquitoes (D:12)
  Menkaure (D:5)
  A steam dragon (D:9)
  14 water moccasins
  An ice beast (D:6)
  A black bear (Lair:6)
  A sky beast (D:7)
  A necrophage (D:5)
  2 orc warriors
  4 ogres
  3 boggarts (Lair:6)
  26 centaurs
  41 wolves
  2 phantoms (D:7)
  A kobold brigand (D:9)
  A gnoll sergeant (D:9)
  13 bullfrogs
  2 scorpions
  14 killer bees
  9 electric eels
  13 centaur zombies
  A bullfrog zombie (D:6)
  A centaur skeleton (D:6)
  5 hounds
  A bullfrog skeleton (D:5)
  4 jellies
  9 orc priests
  Jessica (D:2)
  Natasha (thrice) (D:2)
  10 orc wizards
  7 hell rats (Lair:3)
  A killer bee zombie (D:8)
  5 mummies (Ossuary)
  A hound skeleton (D:5)
  A howler monkey skeleton (D:4)
  A howler monkey zombie (D:11)
  7 adders
  4 gnolls
  2 shadow imps
  A white imp (D:7)
  An adder skeleton (D:4)
  3 worms
  2 dart slugs
  37 orcs
  7 bats
  8 endoplasms
  2 giant cockroaches
  6 goblins
  6 hobgoblins
  2 quokkas
  10 ball pythons
  2 frilled lizards (D:1)
  3 hobgoblin zombies (Ossuary)
  8 kobolds
  5 rats
566 creatures vanquished.

Vanquished Creatures (collateral kills)
  A water moccasin (D:6)
1 creature vanquished.

Vanquished Creatures (others)
  A water elemental (Shoals:2)
  2 humans (Lair:5)
  An orc (D:9)
  2 demonic plants (Gauntlet)
  61 fungi
  156 plants
223 creatures vanquished.

Grand Total: 790 creatures vanquished

Notes
Turn   | Place    | Note
-------+----------+-------------------------------------------
     0 | D:1      | pkoi the Draconian Monk began the quest for the Orb.
     0 | D:1      | Reached XP level 1. HP: 19/19 MP: 1/1
    73 | D:1      | Found a faded altar of an unknown god.
   397 | D:1      | Reached XP level 2. HP: 25/26 MP: 2/2
   864 | D:1      | Reached skill level 4 in Unarmed Combat
   867 | D:1      | Reached XP level 3. HP: 27/31 MP: 3/3
  1118 | D:2      | Noticed Natasha
  1126 | D:2      | Killed Natasha
  1129 | D:2      | Reached XP level 4. HP: 37/38 MP: 4/4
  1234 | D:2      | Reached skill level 5 in Unarmed Combat
  1419 | D:2      | Noticed Natasha
  1425 | D:2      | Noticed Jessica
  2009 | D:3      | Noticed Grinder
  2019 | D:3      | Paralysed by Grinder for 7 turns
  2352 | D:3      | Identified the +8 hunting sling of Starshine {speed, rF+
                  | Will+ Int+4}
  2490 | D:2      | Killed Jessica
  2519 | D:2      | Killed Natasha
  2520 | D:2      | Reached XP level 5. HP: 38/45 MP: 5/5
  2865 | D:2      | Noticed Natasha
  2874 | D:2      | Killed Natasha
  2875 | D:2      | Reached skill level 6 in Unarmed Combat
  3051 | D:3      | Killed Grinder
  3052 | D:3      | Reached XP level 6. HP: 38/52 MP: 6/6
  4215 | D:4      | Found Olushuz's Specific Store.
  4216 | D:4      | Found Syrgh's General Store.
  4223 | D:4      | Bought a potion of curing for 30 gold pieces
  4425 | D:5      | Entered Level 5 of the Dungeon
  4433 | D:5      | Noticed Menkaure
  4454 | D:4      | Reached skill level 7 in Unarmed Combat
  4454 | D:4      | Your scales start taking on a lurid green colour.
  4454 | D:4      | Reached XP level 7. HP: 59/59 MP: 7/7
  4454 | D:4      | Gained mutation: Your system is resistant to poisons.
                  | (rPois) [Green Draconian growth]
  4548 | D:5      | Reached skill level 8 in Unarmed Combat
  4577 | D:5      | Found a sand-covered staircase.
  4583 | Ossuary  | Entered an ossuary
  4899 | D:5      | Reached skill level 9 in Unarmed Combat
  4899 | D:5      | Reached XP level 8. HP: 66/66 MP: 8/8
  5668 | D:6      | Found a blossoming altar of Fedhas.
  5688 | D:6      | Reached skill level 5 in Fighting
  5905 | D:6      | Found a shadowy altar of Dithmenos.
  5906 | D:6      | Noticed a troll
  5943 | D:6      | Killed a troll
  5944 | D:6      | Reached skill level 5 in Dodging
  5944 | D:6      | Reached skill level 10 in Unarmed Combat
  5947 | D:6      | Found a hazy altar of Hepliaklqana.
  6031 | D:6      | Became a worshipper of Dithmenos the Shadowed
  6031 | D:6      | Reached * piety under Dithmenos
  6031 | D:6      | Reached ** piety under Dithmenos
  6102 | D:6      | Reached XP level 9. HP: 75/75 MP: 9/9
  6162 | D:6      | Found a staircase to the Ecumenical Temple.
  6209 | Temple   | Entered the Ecumenical Temple
  6593 | D:7      | Found Cafre's Gadget Gallery.
  7231 | D:7      | Found an iron altar of Okawaru.
  7776 | D:8      | Found an ornate altar of the Wu Jian Council.
  7980 | D:8      | Reached skill level 1 in Slings
  8090 | D:8      | Noticed a troll
  8107 | D:8      | Killed a troll
  8392 | D:8      | Reached XP level 10. HP: 83/86 MP: 10/10
  9043 | D:8      | Found a staircase to the Lair.
  9199 | D:8      | Reached skill level 11 in Unarmed Combat
  9206 | D:8      | Reached skill level 5 in Stealth
 10033 | D:8      | Found a hide-covered altar of Uskayaw.
 10161 | D:9      | You fall into a shaft and drop 2 floors!
 10362 | D:11     | Noticed Urug
 10389 | D:10     | Entered Level 10 of the Dungeon
 10748 | D:10     | Reached *** piety under Dithmenos
 10879 | D:10     | Noticed a centaur warrior
 10879 | D:10     | Noticed a two-headed ogre
 10899 | D:10     | Killed a centaur warrior
 10900 | D:10     | Reached skill level 1 in Evocations
 10900 | D:10     | Reached XP level 11. HP: 28/95 MP: 11/11
 11318 | D:10     | Killed a two-headed ogre
 11485 | D:9      | Noticed a two-headed ogre
 11722 | D:9      | Found a sacrificial altar of Ru.
 12001 | D:9      | Identified the +2 leather armour of Objectivity {SInv}
 12122 | D:9      | Reached skill level 12 in Unarmed Combat
 13065 | D:5      | Killed Menkaure
 13376 | D:9      | Killed a two-headed ogre
 13526 | D:9      | Found a radiant altar of Vehumet.
 13526 | D:9      | Found a glowing golden altar of the Shining One.
 14408 | D:10     | Reached **** piety under Dithmenos
 14733 | D:10     | Reached skill level 13 in Unarmed Combat
 14800 | Lair:1   | Entered Level 1 of the Lair of Beasts
 14950 | Lair:1   | Reached skill level 5 in Evocations
 15994 | Lair:1   | Reached XP level 12. HP: 95/104 MP: 12/12
 16674 | Lair:2   | Found a staircase to the Shoals.
 16893 | Lair:2   | Reached skill level 14 in Unarmed Combat
 17247 | Lair:2   | Noticed Gastronok
 17273 | Lair:2   | Killed Gastronok
 17497 | Lair:2   | Noticed a four-headed hydra
 17643 | Lair:2   | Killed a four-headed hydra
 17663 | Lair:2   | Reached skill level 15 in Unarmed Combat
 18690 | Lair:3   | Found a gate leading to a gauntlet.
 18699 | Gauntlet | Entered a Gauntlet
 18699 | Gauntlet | Found a transporter.
 18706 | Gauntlet | Found a transporter.
 18708 | Gauntlet | Found a transporter.
 18721 | Gauntlet | Found a transporter.
 18727 | Gauntlet | Found a transporter.
 18730 | Gauntlet | Found a transporter.
 18745 | Gauntlet | Noticed a hell beast
 18746 | Gauntlet | Found a transporter.
 18756 | Gauntlet | Found a transporter.
 18763 | Gauntlet | Found a runed translucent gate.
 18763 | Gauntlet | Found a runed translucent gate.
 18763 | Gauntlet | Found a runed translucent gate.
 18766 | Gauntlet | Found a transporter.
 18768 | Gauntlet | Noticed a quicksilver ooze
 18783 | Gauntlet | Found a transporter.
 18797 | Gauntlet | Found a transporter.
 18797 | Gauntlet | Found a transporter.
 18850 | Gauntlet | Found a transporter.
 18850 | Gauntlet | Found a transporter.
 19138 | Gauntlet | Identified the +4 pair of boots "Ruedyj" {Will+ Str+4}
 19253 | Gauntlet | Noticed a minotaur
 19691 | Lair:3   | Noticed a catoblepas
 19931 | Lair:3   | Noticed a death yak
 20099 | Lair:2   | Killed a death yak
 20195 | Lair:3   | Noticed a death yak
 20523 | Lair:3   | Noticed a death yak
 20874 | Lair:2   | Killed a death yak
 20891 | Lair:2   | Killed a death yak
 21185 | Lair:3   | Reached XP level 13. HP: 111/111 MP: 13/13
 21468 | Lair:3   | Found a blossoming altar of Fedhas.
 22383 | Lair:3   | Reached skill level 16 in Unarmed Combat
 22480 | Lair:3   | Reached ***** piety under Dithmenos
 22626 | Lair:4   | Reached skill level 10 in Fighting
 23552 | Lair:4   | Found a hole to the Spider Nest.
 24136 | Lair:5   | Noticed Kirke
 24166 | Lair:4   | Reached skill level 10 in Dodging
 24280 | Lair:5   | Killed Kirke
 26205 | Lair:6   | Entered Level 6 of the Lair of Beasts
 26232 | Lair:5   | Reached skill level 17 in Unarmed Combat
 26443 | Lair:6   | Gained mutation: Your tail ends in a venomous barb. [Green
                  | Draconian growth]
 26443 | Lair:6   | Reached XP level 14. HP: 44/121 MP: 5/14
 28506 | Lair:6   | Identified a scroll of acquirement
 28506 | Lair:6   | Acquired a manual of Stealth
 28541 | Lair:6   | Reached skill level 18 in Unarmed Combat
 29474 | Lair:6   | Found a staircase to the Slime Pits.
 29950 | D:10     | Found a snail-covered altar of Cheibriados.
 29980 | D:10     | Found a burning altar of Makhleb.
 30203 | D:11     | Killed Urug
 30867 | D:11     | Noticed Snorg
 30879 | D:11     | Killed Snorg
 30880 | D:11     | Reached skill level 1 in Invocations
 30943 | D:11     | Reached skill level 10 in Stealth
 30987 | D:11     | Found Dylono's Jewellery Emporium.
 31370 | D:12     | Noticed Sonja
 31502 | D:12     | Killed Sonja
 31503 | D:12     | Reached skill level 1 in Short Blades
 31606 | D:12     | Reached ****** piety under Dithmenos
 31711 | D:12     | Found a staircase to the Orcish Mines.
 31716 | D:12     | Found Jocuoze's Magic Scroll Emporium.
 31740 | D:12     | Bought a scroll of acquirement for 728 gold pieces
 31740 | D:12     | Acquired 746 gold pieces
 31976 | D:12     | Found Niodd's Assorted Antiques.
 32218 | D:12     | Found Douwkalao's Weapon Shop.
 32301 | D:12     | Found Foluph's Assorted Antiques.
 32531 | D:13     | Found Yteq Ank's Assorted Antiques.
 32573 | D:13     | Bought a runed scarf for 304 gold pieces
 32627 | D:13     | Identified the +2 leather armour of Hubris {rC+ Str-5
                  | Dex+5}
 32929 | D:14     | Found a transporter.
 33159 | D:14     | Noticed Rupert
 33159 | D:14     | Found a gate to the Vaults.
 33194 | D:13     | Reached XP level 15. HP: 100/126 MP: 15/17
 34320 | Shoals:1 | Entered Level 1 of the Shoals
 34726 | Shoals:1 | Found a transporter.
 34728 | Shoals:1 | Found a transporter.
 34745 | Shoals:1 | Found Ylolue Cucs's One-of-a-Kind Rings.
 34754 | Shoals:1 | Found a runed translucent door.
 34754 | Shoals:1 | Noticed trckry's ghost (journeyman OgSu)
 34921 | Shoals:1 | Reached skill level 19 in Unarmed Combat
 35120 | Shoals:1 | Found a transporter.
 35122 | Shoals:1 | Found a transporter.
 35189 | Shoals:1 | Found a transporter.
 35196 | Shoals:1 | Found a transporter.
 35723 | Shoals:2 | HP: 5/126 [merfolk (14)]
 35723 | Shoals:2 | Slain by a merfolk aquamancer

Illustrated notes

Levels and vault maps discovered:
D:1:      scummos_arrival_hexagon, layout_basic, ebering_ecumenical_altar_mist
D:2:      layout_loops_ring, serial_aquarium, aquarium_bridge_long_separate
          [aquarium_subvault_bridge, aquarium_subvault_wall,
          aquarium_subvault_bridge, aquarium_subvault_wall,
          aquarium_subvault_wall, aquarium_subvault_bridge],
          aquarium_bridge_straight [aquarium_subvault_bridge,
          aquarium_subvault_window, aquarium_subvault_bridge,
          aquarium_subvault_window], aquarium_window_corner, aquarium_window_3,
          aquarium_window_fake, aquarium_window_corner, aquarium_view_2e,
          aquarium_pool_1, minmay_misc_feat_five, chequers_garden, uniq_natasha,
          uniq_jessica
D:3:      layout_loops_ring, chequers_serial_rivers_micro_d,
          minmay_crystal_room, minivault_5, uniq_grinder
D:4:      layout_basic, grunt_ministairs_15, nicolae_specific_store
D:5:      layout_loops_cross, enter_ossuary_1, uniq_menkaure
D:6:      layout_rooms, riverfiend_overflow_shadow_ancestor, fedhas_altar_1,
          minmay_temple_entry_fiery, nrook_campfire
D:7:      layout_loops_ring, okawaru_metal_pillars_1_2, nicolae_shop_gadgets
D:8:      minmay_inner_zag, layout_loops_ring, nzn_wu_jian_contemplation,
          lemuel_round_altar, erik_lair_island
D:9:      layout_cross, mainiacjoe_overflow_alcove_2,
          gammafunk_temple_overflow_elements, serial_bayou, serial_bayou_pond_c,
          serial_bayou_shore_b, serial_bayou_crossing, serial_bayou_pond_b,
          kennysheep_generic_room_3
D:10:     layout_roguey, mainiacjoe_overflow_big_doors, grunt_potential
D:11:     layout_irregular_city, serial_shops, nicolae_shop_window_shopping,
          uniq_snorg, uniq_urug
D:12:     layout_basic, david_orc_2, serial_shops, nicolae_lakefront_shop, shop,
          shop, nicolae_shop_stone, david_defended_altar_orc, uniq_sonja
D:13:     layout_loops_ring, serial_shops, nicolae_stop_n_shop_2,
          minmay_misc_feat_enclosed
D:14:     layout_cave_pools, david_vaults_3, minivault_25, nzn_ghost_randoct,
          trog_hazing_becter
Temple:   minmay_temple_curvy_loop
Lair:1:   layout_regular_city, lemuel_fruit_tree, grunt_megastairs_3
Lair:2:   layout_regular_city, minmay_shoals_entry_centaurs, grunt_megastairs_2,
          uniq_gastronok
Lair:3:   wad_woods_stonehenge, layout_regular_city, gauntlet_entry_generic,
          grunt_megastairs_5
Lair:4:   minmay_lair_oklob_tunnel, layout_loops_ring,
          spider_nest_entry_funnel_web, infiniplex_staircase_pool,
          serial_bayou_shore_b
Lair:5:   layout_concentric_octagons, chequers_serial_rivers_large_b,
          hangedman_lair_unloving_vines, grunt_forest_small_clearing_treed,
          uniq_kirke
Lair:6:   minmay_lair_end_enchanted_forest, layout_regular_city,
          dpeg_slime_entry_corner
Shoals:1: layout_shoals, hellmonk_ghost_happy_afterlife,
          nicolae_shop_unique_rings, serial_nicolae_subway,
          nicolae_sub_station_stone, nicolae_sub_station_crystal,
          nicolae_sub_station_metal
Shoals:2: nzn_motion_control, layout_shoals, nicolae_shoals_dead_sea_scrolls

Skill      XL: |  1  2  3  4  5  6  7  8  9 10 11 12 13 14 15 |
---------------+----------------------------------------------+-----
Unarmed Combat | 4 5 6 7 9 10 11 13 15 17 18 19 | 19.0
Fighting       | 4 5 7 8 9 10 | 10.0
Dodging        | 3 4 5 6 7 9 10 | 10.0
Stealth        | 2 4 6 7 10 11 | 11.3
Slings         | 1 3 |  3.0
Evocations     | 1 5 6 8 9 |  9.0
Invocations    | 3 4 |  4.1
Short Blades   | 2 3 |  3.4

Action                   |  1- 3 |  4- 6 |  7- 9 | 10-12 | 13-15 || total
-------------------------+-------+-------+-------+-------+-------++-------
Melee: Unarmed           |    69 |    60 |    11 |   550 |   882 ||  1572
       Tailslap          |     8 |     5 |     2 |   107 |   169 ||   291
       Punch             |     2 |     1 |     2 |    50 |   101 ||   156
       Dagger            |       |       |       |       |     7 ||     7
 Fire: Hunting sling     |       |    93 |   316 |   410 |   231 ||  1050
Throw: Stone             |       |       |       |     5 |     3 ||     8
 Abil: Breathe Noxious F |       |       |     1 |    17 |    20 ||    38
Evoke: Wand              |       |       |       |     6 |     6 ||    12
  Use: Scroll            |       |     2 |    19 |     5 |     6 ||    32
       Potion            |       |       |     3 |     1 |       ||     4
 Stab: Sleeping          |     3 |     2 |       |     4 |    26 ||    35
       Confused          |       |       |       |    24 |    40 ||    64
       Paralysed         |       |       |       |     6 |       ||     6
       Distracted        |       |       |       |       |     2 ||     2
Armor: Skin              |    13 |    21 |    22 |   113 |   260 ||   429
Dodge: Dodged            |    61 |    31 |    91 |   429 |   803 ||  1415
       Repelled          |       |       |       |     4 |     3 ||     7
Block: Other             |       |       |    27 |    95 |       ||   122
       Reflection        |       |       |     2 |     5 |       ||     7
